 Dungeon Crawl Stone Soup version 0.19.1 (webtiles) character file.

12813 sveltemanboy the Bludgeoner (level 11, -7/103 HPs)
             Began as an Ogre Berserker on Nov 28, 2016.
             Was a High Priest of Trog.
             Splashed by Erica's acid (13 damage)
             ... on level 11 of the Dungeon.
             The game lasted 00:33:30 (13084 turns).

sveltemanboy the Bludgeoner (Ogre Berserker)       Turns: 13084, Time: 00:33:32

Health: -7/103     AC: 19    Str: 27    XL:     11   Next: 99%
Magic:  9/9        EV: 10    Int: 10    God:    Trog [*****.]
Gold:   668        SH:  0    Dex: 12    Spells: 0 memorised, 10 levels left

rFire  . . .     SeeInvis .     g - +2 morningstar of Coenoes {vamp, Int-3 Dex+3}
rCold  + . .     Gourm    .     a - +9 ice dragon scales of Eroblivu {*Drain rPois rF- rC++ Str-3 Int+7}
rNeg   . . .     Faith    .     (no shield)
rPois  +         Spirit   .     (helmet restricted)
rElec  .         Reflect  .     i - +2 cloak
rCorr  .         Harm     .     (gloves unavailable)
MR     +....                    (boots unavailable)
Stlth  +.........               (no amulet)
                                C - +5 ring of strength
                                J - ring of fire

@: corroded
A: unfitting armour, antennae 1, rugged brown scales 1, yellow scales 1,
camouflage 1, low mp 1, tough skin 1, weak 1
a: Berserk, Trog's Hand, Brothers in Arms, Burn Spellbooks, Renounce Religion


You were on level 11 of the Dungeon.
You worshipped Trog.
Trog was extremely pleased with you.
You were not hungry.

You visited 1 branch of the dungeon, and saw 11 of its levels.
You also visited: Bailey.

You collected 668 gold pieces.

Inventory:

Hand Weapons
 g - the +2 morningstar of Coenoes (weapon) {vamp, Int-3 Dex+3}
   (You found it on level 11 of the Dungeon)

   It inflicts no extra harm, but heals its wielder when it wounds a living foe.
   It affects your intelligence (-3).
   It affects your dexterity (+3).
 w - a +0 giant club
 F - a +0 giant spiked club
Missiles
 d - 4 poisoned tomahawks
 n - 242 stones (quivered)
 r - 8 silver javelins
Armour
 a - the +9 ice dragon scales of Eroblivu (worn) {*Drain rPois rF- rC++ Str-3 Int+7}
   (You took it off an orc in a bailey)

   It affects your strength (-3).
   It affects your intelligence (+7).
   It makes you vulnerable to fire.
   It greatly protects you from cold.
   It protects you from poison.
   It causes draining when unequipped.
 i - a +2 cloak (worn)
Jewellery
 o - an uncursed ring of see invisible
 C - a +5 ring of strength (right hand)
 J - a ring of fire (left hand)
Wands
 H - a wand of lightning (13/15)
Scrolls
 e - 2 scrolls of amnesia {unknown}
 f - 3 scrolls of noise {unknown}
 j - a scroll of enchant weapon {unknown}
 m - 2 scrolls of fog {unknown}
 u - 4 scrolls of teleportation
 y - a scroll of identify
 A - a scroll of recharging {unknown}
 B - 3 scrolls of remove curse
 E - a scroll of vulnerability {unknown}
Potions
 h - a potion of might
 k - 2 potions of flight
 l - a potion of curing
 q - a potion of resistance
 t - a potion of cure mutation
 x - 2 potions of haste
 z - 2 potions of cancellation
 D - a potion of invisibility
Books
 K - a book of Flames

   Spells                             Type                      Level
   a - Flame Tongue                   Conjuration/Fire             1
   b - Throw Flame                    Conjuration/Fire             2
   c - Conjure Flame                  Conjuration/Fire             3
   d - Inner Flame                    Hexes/Fire                   3
   e - Sticky Flame                   Conjuration/Fire             4
   f - Fireball                       Conjuration/Fire             5
   Trog disapproves of the use of such an item.
Comestibles
 b - 8 royal jellies
 c - 8 bread rations
 p - 6 meat rations
 s - 7 fruits
 v - a beef jerky
 G - 3 chunks of flesh
 L - a slice of pizza


   Skills:
 - Level 4.0 Fighting
 * Level 19.5 Maces & Flails
 - Level 3.1 Throwing
 + Level 5.0 Armour
 + Level 6.2 Dodging


You had 10 spell levels left.
You didn't know any spells.

Dungeon Overview and Level Annotations

Branches:
Dungeon (11/15)            Temple (0/1) D:6            Lair (0/6) D:10
    Orc: D:9-12

Altars:
Fedhas

Shops:
D:11 (

Annotations:
D:11 Erica


Innate Abilities, Weirdness & Mutations

You are too large for most types of armour.
You have tough skin. (AC +1)
You have a pair of small antennae on your head.
You are partially covered in rugged brown scales. (AC +1, +3% HP)
You are partially covered in yellow scales. (AC +2)
Your skin changes colour to match your surroundings (Stealth+).
Your magical capacity is low. (-10% MP)
You are weak. (Str -2)


Message History

You hit something.
You feel better.
You miss something. Something hits you.
* * * LOW HITPOINT WARNING * * *
Something burns you.
* * * LOW HITPOINT WARNING * * *
You puncture something! You hit something but do no damage.
You hear some strange, mumbled words.
A bolt of poison appears from out of thin air!
The bolt of poison misses you.
You hit something but do no damage. Something hits you but does no damage.
You miss something.
Your troll rages.
Your ice dragon scales of Eroblivu prevents you from hitting something.
You hear a zap.
A bolt of acid appears from out of thin air!
The bolt of acid hits you!
* * * LOW HITPOINT WARNING * * *
The acid corrodes you!
You are splashed with acid!
The acid burns!
You die...

##.#....##.....
...#)....#....#
###)).........#
..............# ######
.......♣......# #....#
......♣.......### #....#
.......P........###....#
...........(>..)T†.....#
#....#...##.###{@).....#
....##.#..#.#######....#
<.####........# #....#
.. #......<.# #....# ..
#........# #.?..#
#........# ######
#........# #........#
#[.......#


You could see a friendly troll (berserk).

Vanquished Creatures
  A hill giant (D:10)
  Pikel (D:5)
  The ghost of Philosophy the Cleaver, a novice HOFi of Okawaru (D:7)
  2 ugly things (D:11)
  A queen bee (D:10)
  A troll (D:10)
  A hornet (D:11)
  A hippogriff (D:8)
  Sigmund (D:2)
  4 yaks (D:10)
  Grum (D:9)
  A hungry ghost (D:11)
  A mottled dragon (D:11)
  A water moccasin (D:8)
  6 sky beasts
  2 orc warriors
  5 ice beasts
  3 phantoms
  A black bear (D:8)
  6 ogres
  4 wolves (D:9)
  5 centaurs
  2 crocodiles
  2 big kobolds
  Blork the orc (D:5)
  4 bullfrogs
  3 scorpions
  25 killer bees
  11 wights
  3 howler monkeys (D:10)
  2 crimson imps
  2 bullfrog zombies
  3 bullfrog skeletons
  5 hounds
  Crazy Yiuf (D:7)
  5 orc priests
  4 centaur skeletons
  8 orc wizards
  Jessica (D:3)
  Ijyb (D:2)
  9 worker ants
  2 iguanas
  A hound zombie (D:3)
  3 hound skeletons
  A howler monkey zombie (D:8)
  10 gnolls
  6 adders
  2 shadow imps
  2 oozes
  An adder zombie (D:5)
  An adder skeleton (D:7)
  A worm (D:1)
  A dart slug (D:3)
  7 leopard geckos
  41 orcs
  2 ball pythons
  2 bats (D:1)
  4 giant cockroaches
  7 goblins
  5 hobgoblins
  10 jackals
  9 kobolds
  3 quokkas
  7 frilled lizards
  A giant cockroach zombie (D:5)
  A leopard gecko skeleton (D:7)
  6 rats
278 creatures vanquished.

Vanquished Creatures (collateral kills)
  Erolcha (D:9)
  A hydra (D:11)
  A hill giant (D:11)
  An ugly thing (D:11)
  A centaur skeleton (D:11)
  A vampire (D:11)
  An orc warrior (Bailey)
  A sky beast (D:11)
  2 bullfrogs (D:11)
  An orc wizard (D:11)
  A howler monkey zombie (D:11)
  6 orcs
18 creatures vanquished.

Vanquished Creatures (others)
  An ogre (D:5)
  2 slaves (D:5)
  A centaur (D:5)
  An orc priest (D:5)
  A worker ant (D:5)
  A jackal (D:5)
7 creatures vanquished.

Grand Total: 303 creatures vanquished

Notes
Turn   | Place    | Note
-------+----------+-------------------------------------------
     0 | D:1      | sveltemanboy the Ogre Berserker began the quest for the Orb.
     0 | D:1      | Reached XP level 1. HP: 24/24 MP: 1/1
   180 | D:1      | Reached XP level 2. HP: 32/32 MP: 2/2
   775 | D:1      | Reached XP level 3. HP: 7/39 MP: 3/3
  1163 | D:2      | Reached skill level 5 in Maces & Flails
  1184 | D:2      | Noticed Ijyb
  1207 | D:2      | Killed Ijyb
  1207 | D:2      | Reached skill level 1 in Throwing
  1359 | D:2      | Reached XP level 4. HP: 40/48 MP: 4/4
  1445 | D:2      | Reached ** piety under Trog
  1588 | D:2      | Noticed Sigmund
  1594 | D:2      | Killed Sigmund
  1594 | D:2      | Reached skill level 6 in Maces & Flails
  1594 | D:2      | Reached skill level 1 in Armour
  1594 | D:2      | Reached XP level 5. HP: 54/54 MP: 5/5
  1595 | D:2      | Found a blossoming altar of Fedhas.
  1796 | D:2      | Reached XP level 6. HP: 51/62 MP: 6/6
  2288 | D:3      | Reached skill level 7 in Maces & Flails
  2691 | D:3      | Noticed Jessica
  2704 | D:3      | Killed Jessica
  2889 | D:3      | Found a faded altar of an unknown god.
  3208 | D:4      | Reached skill level 8 in Maces & Flails
  3213 | D:4      | Reached XP level 7. HP: 59/70 MP: 7/7
  3407 | D:4      | Reached skill level 9 in Maces & Flails
  3541 | D:4      | Reached *** piety under Trog
  4030 | D:4      | Reached skill level 10 in Maces & Flails
  4321 | D:5      | Entered Level 5 of the Dungeon
  4365 | D:5      | Reached XP level 8. HP: 78/78 MP: 8/8
  4450 | D:5      | Noticed Pikel
  4461 | D:5      | Killed Pikel
  4461 | D:5      | Reached skill level 12 in Maces & Flails
  4746 | D:5      | Noticed Blork the orc
  4761 | D:5      | Killed Blork the orc
  5302 | D:5      | Reached skill level 13 in Maces & Flails
  5364 | D:5      | Reached XP level 9. HP: 54/84 MP: 9/9
  5490 | D:5      | Gained mutation: You have a pair of small antennae on your head. [mutagenic meat]
  5491 | D:5      | Gained mutation: Scrolls take you a little longer to read. [mutagenic meat]
  5492 | D:5      | Gained mutation: Your body sometimes deteriorates upon taking damage. [mutagenic meat]
  5493 | D:5      | Gained mutation: You are resistant to hostile enchantments. (MR+) [mutagenic meat]
  5494 | D:5      | Gained mutation: You are weak. (Str -2) [mutagenic meat]
  5853 | D:6      | Reached **** piety under Trog
  6049 | D:6      | Found a staircase to the Ecumenical Temple.
  6191 | D:6      | Reached skill level 14 in Maces & Flails
  6430 | D:6      | Received a gift from Trog
  6871 | D:7      | Lost mutation: You are resistant to hostile enchantments. (MR+) [potion of cure mutation]
  6871 | D:7      | Lost mutation: Scrolls take you a little longer to read. [potion of cure mutation]
  6871 | D:7      | Lost mutation: You have a pair of small antennae on your head. [potion of cure mutation]
  6871 | D:7      | Lost mutation: Your body sometimes deteriorates upon taking damage. [potion of cure mutation]
  6872 | D:7      | Gained mutation: You are partially covered in yellow scales. (AC +2) [potion of mutation]
  6872 | D:7      | Gained mutation: Your skin changes colour to match your surroundings (Stealth+). [potion of mutation]
  6872 | D:7      | Gained mutation: You have a pair of small antennae on your head. [potion of mutation]
  6873 | D:7      | Gained mutation: You are partially covered in rugged brown scales. (AC +1, +3% HP) [potion of mutation]
  6873 | D:7      | Gained mutation: Your magical capacity is low. (-10% MP) [potion of mutation]
  6921 | D:7      | Reached skill level 15 in Maces & Flails
  7133 | D:7      | Noticed Philosophy's ghost (novice HOFi)
  7151 | D:7      | Killed Philosophy's ghost
  7434 | D:7      | Reached skill level 16 in Maces & Flails
  7595 | D:7      | Found a runed door.
  7599 | D:7      | Noticed Crazy Yiuf
  7605 | D:7      | Killed Crazy Yiuf
  7642 | D:7      | Reached XP level 10. HP: 73/94 MP: 9/9
  8193 | D:8      | Reached skill level 17 in Maces & Flails
  8718 | D:9      | Reached ***** piety under Trog
  8789 | D:9      | Noticed Grum
  8810 | D:9      | Killed Grum
  9193 | D:9      | Noticed Erolcha
  9202 | D:9      | Killed Erolcha
  9277 | D:9      | Reached skill level 18 in Maces & Flails
  9498 | D:10     | Entered Level 10 of the Dungeon
  9561 | D:9      | Reached XP level 11. HP: 70/103 MP: 9/9
  9695 | D:10     | Found a flagged portal.
  9751 | D:10     | Received a gift from Trog
  9972 | D:10     | Reached skill level 5 in Dodging
 10005 | Bailey   | Entered a bailey
 10437 | Bailey   | Received a gift from Trog
 10686 | Bailey   | Noticed an orc knight
 10687 | Bailey   | Noticed an orc knight
 10861 | Bailey   | Got ancient ice dragon scales
 10961 | Bailey   | Identified the +9 ice dragon scales of Eroblivu {*Drain rPois rF- rC++ Str-3 Int+7} (You took it off an orc in a bailey)
 11491 | D:10     | Noticed a hill giant
 11518 | D:10     | Killed a hill giant
 11936 | D:10     | Found a staircase to the Lair.
 12007 | D:10     | Received a gift from Trog
 12777 | D:11     | Noticed a white ugly thing
 12784 | D:11     | Killed a white ugly thing
 12784 | D:11     | Reached skill level 19 in Maces & Flails
 12906 | D:11     | Got a polished morningstar
 12913 | D:11     | Identified the +2 morningstar of Coenoes {vamp, Int-3 Dex+3} (You found it on level 11 of the Dungeon)
 12922 | D:11     | Found Poext's Weapon Shoppe.
 13040 | D:11     | Noticed a hill giant
 13040 | D:11     | Noticed a five-headed hydra
 13046 | D:11     | Noticed a purple ugly thing
 13047 | D:11     | Noticed a purple ugly thing
 13048 | D:11     | Noticed Erica
 13052 | D:11     | Killed a hill giant
 13054 | D:11     | Killed a five-headed hydra
 13058 | D:11     | Killed a purple ugly thing
 13062 | D:11     | Killed a purple ugly thing
 13065 | D:11     | Reached skill level 5 in Armour
 13084 | D:11     | Splashed by Erica's acid

Skill      XL: |  1  2  3  4  5  6  7  8  9 10 11 |
---------------+----------------------------------+-----
Maces & Flails | 5 6 8 10 13 16 18 19 | 19.5
Throwing       | 1 2 3 |  3.1
Dodging        | 3 4 6 |  6.2
Armour         | 1 3 5 |  5.0
Fighting       | |  4.0

Action                   |  1- 3 |  4- 6 |  7- 9 | 10-12 || total
-------------------------+-------+-------+-------+-------++-------
Melee: Mace              |    98 |    64 |       |       ||   162
       Flail             |       |    47 |   196 |       ||   243
       Giant club        |       |       |    66 |   113 ||   179
       Dire flail        |       |       |       |   310 ||   310
       Morningstar       |       |       |       |    96 ||    96
Throw: Stone             |     3 |    18 |    53 |   172 ||   246
Invok: Berserk           |       |     4 |     7 |     3 ||    14
       Burn Spellbooks   |       |       |     1 |     1 ||     2
       Brothers in Arms  |       |       |       |     3 ||     3
       Trog's Hand       |       |       |       |     1 ||     1
Evoke: Wand              |       |     1 |     1 |       ||     2
  Use: Potion            |       |       |     7 |     4 ||    11
       Scroll            |       |       |     6 |     4 ||    10
 Stab: Sleeping          |     1 |     1 |     3 |       ||     5
       Distracted        |       |       |       |     1 ||     1
  Eat: Chunk             |     1 |     7 |    25 |    20 ||    53
       Fruit             |       |     1 |     4 |     6 ||    11
Armor: Animal skin       |    18 |    12 |    38 |    82 ||   150
       Ice dragon scales |       |       |       |   196 ||   196
Dodge: Dodged            |    39 |    45 |    96 |   277 ||   457
